 Dungeon Crawl Stone Soup version 0.22-a0-567-gff9aefc (webtiles) character file.

189 Amnesiac the Covert (level 5, 0/27 HPs)
             Began as a Spriggan Fighter on June 30, 2018.
             Slain by an orc
             ... wielding a +0 hand axe
              (2 damage)
             ... on level 4 of the Dungeon.
             The game lasted 00:05:04 (3276 turns).

Amnesiac the Covert (Spriggan Fighter)              Turns: 3276, Time: 00:05:05

Health: 0/27       AC:  3    Str: 13    XL:     5   Next: 40%
Magic:  6/6        EV: 19    Int: 10    God:
Gold:   198        SH:  6    Dex: 15    Spells: 4/4 levels left

rFire    . . .     SeeInvis +   a - +2 dagger (speed)
rCold    . . .     Gourm    .   c - +0 buckler
rNeg     . . .     Faith    .   b - +0 robe
rPois    .         Spirit   .   d - +1 hat
rElec    .         Reflect  .   (no cloak)
rCorr    .         Harm     .   (gloves unavailable)
MR       .....                  (boots unavailable)
Stlth    ++++......             (no amulet)
HPRegen  0.09/turn              (no ring)
MPRegen  0.10/turn              (no ring)

@: very quick
A: very small, unfitting armour, see invisible, herbivore, speed 3, slow
metabolism 2
a: no special abilities


You were on level 4 of the Dungeon.
You were not hungry.

You visited 2 branches of the dungeon, and saw 7 of its levels.

You collected 198 gold pieces.

Inventory:

Hand Weapons
 a - a +2 dagger of speed (weapon)
 g - a +3 hand axe of distortion
Armour
 b - a +0 robe (worn)
 c - a +0 buckler (worn)
 d - a +1 hat (worn)
Wands
 m - a wand of acid (7)
Scrolls
 e - 4 scrolls of teleportation {!r}
 h - 2 scrolls of remove curse {!r, unknown}
 n - 2 scrolls of identify {!r}
 o - 4 scrolls of immolation {!r, unknown}
 t - a scroll of amnesia {!r, unknown}
Potions
 i - 3 potions of heal wounds {!q}
 j - a potion of flight {!q, unknown}
 k - a potion of cancellation {!q, unknown}
 l - a potion of brilliance {!q, unknown}
 p - a potion of agility {!q, unknown}
 q - a potion of mutation {!q, unknown}
 r - 2 potions of curing {!q, unknown}
 s - a potion of ambrosia {!q, unknown}
Comestibles
 f - 9 rations


   Skills:
 - Level 2.4 Fighting
 - Level 2.1 Short Blades
 - Level 4.4 Dodging
 + Level 8.3 Stealth
 - Level 2.1 Shields


You had 4 spell levels left.
You didn't know any spells.
Your spell library was empty.

Dungeon Overview and Level Annotations

Branches:
Dungeon (6/15)             Temple (1/1) D:4

Altars:
Ashenzari
Cheibriados
Elyvilon
Fedhas
Makhleb
Nemelex Xobeh
Okawaru
Qazlal
Uskayaw
Wu Jian
Xom
Yredelemnul
Zin
The Shining One

Annotations:
D:5 exclusion: 3 doors


Innate Abilities, Weirdness & Mutations

You are very small and have problems with some larger weapons.
You are too small for most types of armour.
You have supernaturally acute eyesight. (SInv)
You are a herbivore.
You cover ground extremely quickly.
You need to consume almost no food.


Message History

The gnoll closely misses you.
You hit the gnoll.
The gnoll is severely wounded.
You hit the gnoll but do no damage.
The gnoll is severely wounded.
You block the gnoll's attack.
You closely miss the gnoll.
The gnoll is severely wounded.
Your shield prevents you from hitting the gnoll.
The gnoll is severely wounded.
You block the gnoll's attack.
You hit the gnoll.
The gnoll is almost dead.
You block the gnoll's attack.
You completely miss the gnoll.
The gnoll is almost dead.
You closely miss the gnoll.
The gnoll is almost dead.
The gnoll misses you.
You hit the gnoll.
You kill the gnoll!
t - a scroll labeled USSECR NAUME {!r} You see here a club.
No target in view!
Things that are here:
a spear; a gnoll corpse You start resting.
You start resting.
The orc wizard is too close now for your liking.
Okay, then.
You closely miss the orc wizard.
The orc wizard shouts!
The orc wizard points at you and mumbles some strange words.
You easily resist.
You barely miss the orc wizard. You hit the orc wizard.
The orc wizard is lightly wounded.
The orc wizard casts a spell.
The orc wizard seems to speed up.
You block the orc's attack.
You hear a shout!
You hit the orc wizard.
The orc wizard is lightly wounded.
The orc wizard barely misses you.
You hit the orc wizard.
The orc wizard is moderately wounded.
The orc hits you with a hand axe!
* * * LOW HITPOINT WARNING * * *
The orc wizard hits you with a dagger.
* * * LOW HITPOINT WARNING * * *
You completely miss the orc wizard.
The orc wizard is moderately wounded.
The orc wizard points at you and mumbles some strange words.
The magic dart hits you!
* * * LOW HITPOINT WARNING * * *
You block the orc's attack.
You hit the orc wizard but do no damage.
The orc wizard is moderately wounded.
The orc wizard completely misses you.
The orc priest hits you from afar with a trident.
* * * LOW HITPOINT WARNING * * *
You barely miss the orc wizard.
The orc wizard is moderately wounded.
The orc hits you with a hand axe.
You die...

### ##†## ###.#.##
#..###)# ##.#.#.##
##...#.#############
##..............†...####
...........####o@...)...#
###.[......#
##o####)##.....
##...##.####.o...#.# ###
##.##.............#
#.##..####..##...# g
#......# #..##...###...g
#..#.).# #..##.......#
#......# #..###...##....
##.#...###..# #.#.# #.


You could see an orc priest, an orc wizard and an orc.

Vanquished Creatures
  2 orc wizards (D:5)
  4 adders
  2 gnolls (D:4)
  An ooze (D:2)
  A worm (D:4)
  A dart slug (D:1)
  2 leopard geckos (D:5)
  5 orcs
  2 giant cockroaches
  11 goblins
  5 hobgoblins
  5 jackals
  2 quokkas
  2 ball pythons
  3 bats
  4 frilled lizards
  6 kobolds
  A leopard gecko zombie (D:6)
  8 rats
67 creatures vanquished.

Vanquished Creatures (others)
  A plant (D:5)
1 creature vanquished.

Grand Total: 68 creatures vanquished

Notes
Turn   | Place    | Note
-------+----------+-------------------------------------------
     0 | D:1      | Amnesiac the Spriggan Fighter began the quest for the Orb.
     0 | D:1      | Reached XP level 1. HP: 11/11 MP: 2/2
    48 | D:2      | Reached skill level 2 in Stealth
    53 | D:2      | Reached XP level 2. HP: 13/16 MP: 3/3
    86 | D:2      | Reached skill level 3 in Stealth
   147 | D:5      | Entered Level 5 of the Dungeon
   176 | D:6      | Found a white marble altar of Elyvilon.
   193 | D:6      | Noticed a sky beast
   210 | D:6      | Noticed an ogre
   391 | D:5      | Noticed an ogre
   535 | D:5      | Reached skill level 4 in Stealth
   535 | D:5      | Reached XP level 3. HP: 12/19 MP: 4/4
   759 | D:5      | Reached skill level 5 in Stealth
   765 | D:5      | Reached skill level 6 in Stealth
   765 | D:5      | Reached XP level 4. HP: 10/23 MP: 5/5
   991 | D:5      | Noticed a phantom
  1022 | D:4      | Found a staircase to the Ecumenical Temple.
  1031 | Temple   | Entered the Ecumenical Temple
  1437 | D:2      | Reached skill level 7 in Stealth
  1465 | D:2      | Found a shattered altar of Ashenzari.
  1564 | D:2      | Found a blossoming altar of Fedhas.
  1564 | D:2      | Found a burning altar of Makhleb.
  2066 | D:1      | Reached XP level 5. HP: 25/27 MP: 6/6
  3017 | D:4      | Reached skill level 8 in Stealth
  3276 | D:4      | Slain by an orc

Vault maps used:
D:1:      dpeg_arrival_water_fire, minmay_misc_feat_tiny,
          minmay_misc_feat_pillars
D:2:      evilmike_ruin_ashenzari, gammafunk_temple_overflow_elements,
          minmay_misc_feat_room, kennysheep_another_room
D:4:      lemuel_coloured_pillars_altar, temple_hall, first_ration
D:5:      corexii_shantytown, basic_altar
D:6:      kennysheep_mini, small_statue_intersection, serial_park_tiny_1,
          uniq_pikel
Temple:   cyrus_temple_forest

Skill      XL: |  1  2  3  4  5 |
---------------+----------------+-----
Stealth        | 2 4 6 7 8 |  8.3
Fighting       | |  2.4
Short Blades   | |  2.1
Dodging        | |  4.4
Shields        | |  2.1

Action                   |  1- 3 |  4- 6 || total
-------------------------+-------+-------++-------
Melee: Rapier            |    39 |     2 ||    41
       Dagger            |       |   202 ||   202
  Use: Potion            |     1 |       ||     1
       Scroll            |       |     2 ||     2
 Stab: Sleeping          |     3 |    13 ||    16
       Distracted        |     1 |     2 ||     3
Armor: Robe              |     2 |     8 ||    10
Dodge: Dodged            |    21 |    77 ||    98
Block: Buckler           |     9 |    27 ||    36

Table legend:
 A = Spawn XP
 B = Non-spawn XP
 C = Spawn XP percentage of total XP
 D = Spawn monster count
 E = Non-spawn monster count
 F = Spawn count percentage of total count
 G = Total turns spent on level
                    A         B        C        D         E        F      G
               +---------+---------+-------+---------+---------+-------+---------
         Total |       0 |     270 |   0.0 |       0 |      67 |   0.0 |  3276
               +---------+---------+-------+---------+---------+-------+---------
           D:1 |       0 |      38 |   0.0 |       0 |      22 |   0.0 |   719
           D:2 |       0 |      39 |   0.0 |       0 |      14 |   0.0 |   734
           D:3 |       0 |      50 |   0.0 |       0 |      15 |   0.0 |   437
           D:4 |       0 |      43 |   0.0 |       0 |       7 |   0.0 |   444
           D:5 |       0 |      96 |   0.0 |       0 |       7 |   0.0 |   806
           D:6 |       0 |       4 |   0.0 |       0 |       2 |   0.0 |    57
               +---------+---------+-------+---------+---------+-------+---------
